 Dungeon Crawl Stone Soup version 0.27.1-35-g4d5d836560 (webtiles) character file.

Game seed: 13386158086817372828

555 Delamore the Covert (level 7, -8/45 HPs)
             Began as an Octopode Brigand on Apr 16, 2022.
             Mangled by a hornet (14 damage)
             ... on level 5 of the Dungeon.
             The game lasted 00:04:21 (3194 turns).

Delamore the Covert (Octopode Brigand)              Turns: 3194, Time: 00:04:21

Health: -8/45      AC:  1    Str: 11    XL:     7   Next: 30%
Magic:  7/7        EV: 12    Int: 13    God:
Gold:   177        SH:  0    Dex: 15    Spells: 6/6 levels left

rFire    . . .     SeeInvis .   i - +1 short sword (elec)
rCold    . . .     Faith    .   (no shield)
rNeg     . . .     Spirit   .   (helmet restricted)
rPois    .         Reflect  .   (no amulet)
rElec    .         Harm     .   p - ring of resist corrosion
rCorr    +         Rampage  .   (no ring)
Will     .....                  (no ring)
Stlth    +++++.....             (no ring)
HPRegen  0.15/turn              (no ring)
MPRegen  0.10/turn              (no ring)
                                (no ring)
                                (no ring)

@: slowed, very slow
A: almost no armour, amphibious, 8 rings, camouflage 1, gelatinous body 1,
(nimble swimmer 1), tentacles
a: no special abilities


You were on level 5 of the Dungeon.
You visited 1 branch of the dungeon, and saw 5 of its levels.

You collected 177 gold pieces.

Inventory:

Hand Weapons
 a - a +2 dagger
 h - a +0 dagger of speed
 i - a +1 short sword of electrocution (weapon)
 j - a +0 rapier
Missiles
 b - 6 poisoned darts
 c - 2 curare-tipped darts (quivered)
Armour
 o - a +0 kite shield
Jewellery
 p - a ring of resist corrosion (left tentacle)
Wands
 d - a wand of paralysis (2)
 l - a wand of digging (6)
Scrolls
 f - a scroll of immolation
 r - a scroll of fog
Potions
 m - 2 potions of flight
 n - a potion of might {unknown}


   Skills:
 - Level 2.0 Fighting
 * Level 6.4 Short Blades
 - Level 2.0 Throwing
 - Level 1.0 Dodging
 + Level 8.2 Stealth


You had 6 spell levels left.
You didn't know any spells.
Your spell library contained the following spells:

 Spells                   Type           Power      Damage    Failure   Level
 Corona                   Hex            0%         N/A       30%         1
 Ensorcelled Hibernation  Hex/Ice        0%         N/A       43%         2
 Static Discharge         Conj/Air       0%         N/A       43%         2
 Tukima's Dance           Hex            0%         N/A       67%         3
 Lightning Bolt           Conj/Air       0%         1d11      100%        5
 Maxwell's Capacitive Co  Air            0%         ∞         100%        8


Dungeon Overview and Level Annotations

Branches:
Dungeon (5/15)
 Temple: D:4-7

Altars:
Makhleb
Sif Muna

Annotations:
D:4 2 runed translucent doors


Innate Abilities, Weirdness & Mutations

You cannot wear most types of armour.
You are amphibious.
You can wear up to eight rings at the same time.
Your skin changes colour to match your surroundings (Stealth+).
Your rubbery body absorbs attacks. (AC +1, EV +1)
((You are camouflaged near water. (Stealth+)))
You have tentacles for arms and can constrict up to eight enemies at once.


Message History

The ogre is almost dead.
You kill the ogre!
Your Stealth skill increases to level 8!
Your transformation is almost over.
You hear the hiss of a very distant avalanche of sand.
You cannot move.
You cannot move.
You cannot move.
You start resting.
You feel less wooden.
Things that are here:
a +0 whip; a +0 ring mail; an orc corpse
c - a curare-tipped dart;
b - 3 poisoned darts;
d - a wand of paralysis (4)
Items here: )))) [[ ††††.
b - 6 poisoned darts (gained 3)
c - 2 curare-tipped darts (gained 1)
An adder skeleton comes into view.
Found 16 gold pieces.
You are too injured to fight recklessly!
You are too injured to fight recklessly!
You are too injured to fight recklessly!
The helpless adder skeleton fails to defend itself.
You stick the adder skeleton like a pincushion!!!
You destroy the adder skeleton!
Really wriggle into that dispersal trap?
You enter a dispersal trap!
You blink.
Found a stone staircase leading up.
Aiming: Paralyse
Press: ? - help, Shift-Dir - straight line, f - hornet
Aim: a hornet (wandering, hasn't noticed you, chance to affect: 37%)
The hornet buzzes angrily.
The hornet easily resists.
The hornet stings you!
* * * LOW HITPOINT WARNING * * *
You feel yourself slow down.
Aiming: Paralyse
Press: ? - help, Shift-Dir - straight line, f/p - hornet
Aim: a hornet (chance to affect: 37%)
The hornet easily resists.
The hornet closely misses you. The hornet stings you!
You die...

##### #...# #.#.# #^#.#
#########
#8#.####........
#########^#............$
.<....y@#.######........
# #######...# ######.##
. ##### #.## #..# ##.#
#.# #.# ### #.. ... #..


You could see a hornet.

Vanquished Creatures
  A water moccasin (D:3)
  An ogre (D:5)
  A phantom (D:3)
  A water moccasin zombie (D:5)
  An orc priest (D:3)
  A centaur skeleton (D:5)
  An orc wizard (D:5)
  Natasha (twice) (D:2)
  An adder (D:2)
  A shadow imp (D:3)
  An ufetubus (D:5)
  An adder skeleton (D:5)
  An adder zombie (D:5)
  3 worms
  2 dart slugs
  10 orcs
  6 ball pythons
  5 endoplasms
  2 giant cockroaches
  3 goblins
  5 hobgoblins
  2 jackals (D:1)
  2 quokkas
  8 bats
  3 frilled lizards
  7 kobolds
  8 rats
80 creatures vanquished.

Notes
Turn   | Place    | Note
-------+----------+-------------------------------------------
     0 | D:1      | Delamore the Octopode Brigand began the quest for the Orb.
     0 | D:1      | Reached XP level 1. HP: 14/14 MP: 1/1
   223 | D:1      | Reached XP level 2. HP: 18/19 MP: 2/2
   305 | D:1      | Found a faded altar of an unknown god.
   792 | D:2      | Reached XP level 3. HP: 24/24 MP: 3/3
   898 | D:2      | Noticed Natasha
   906 | D:2      | Killed Natasha
   907 | D:2      | Reached skill level 6 in Stealth
   918 | D:2      | Reached XP level 4. HP: 23/29 MP: 4/4
  1302 | D:2      | Noticed Natasha
  1332 | D:2      | Killed Natasha
  1549 | D:3      | Found a burning altar of Makhleb.
  1563 | D:3      | Noticed a phantom
  1573 | D:3      | Killed a phantom
  1574 | D:3      | Reached XP level 5. HP: 21/34 MP: 5/5
  1681 | D:3      | Noticed a water moccasin
  1687 | D:3      | Killed a water moccasin
  1688 | D:3      | Reached skill level 5 in Short Blades
  1688 | D:3      | Reached skill level 7 in Stealth
  1688 | D:3      | Reached XP level 6. HP: 30/39 MP: 6/6
  1761 | D:3      | Found a shimmering blue altar of Sif Muna.
  2907 | D:4      | Found a large runed translucent door.
  2908 | D:4      | Found a large runed translucent door.
  2908 | D:4      | Noticed a sky beast
  2934 | D:5      | Entered Level 5 of the Dungeon
  3005 | D:5      | Reached XP level 7. HP: 17/45 MP: 7/7
  3053 | D:5      | Noticed a hornet
  3120 | D:5      | Paralysed by an orc for 5 turns
  3142 | D:5      | Reached skill level 8 in Stealth
  3194 | D:5      | Mangled by a hornet

Illustrated notes

Levels and vault maps discovered:
D:1:      co_arrival_random_square_maze, layout_rooms, serial_curves,
          eino_curves_04, eino_curves_02, eino_curves_01, eino_curves_01,
          ebering_ecumenical_altar_ruins, lemuel_old_faithful
D:2:      layout_rooms, minmay_misc_feat_tower, kennysheep_cluttered_room,
          uniq_natasha
D:3:      layout_loops_cross, makhleb_altar_promises_db, amcnicky_altar_gilded
D:4:      due_chaos_kobolds, layout_basic, uniq_pikel
D:5:      kennysheep_slugbush, layout_rooms, enter_ossuary_2,
          minmay_misc_feat_rows, ebering_dispersal_statue_hall, uniq_menkaure

Skill      XL: |  1  2  3  4  5  6  7 |
---------------+----------------------+-----
Short Blades   | 3 4 5 6 |  6.4
Stealth        | 6 7 8 |  8.2
Fighting       | |  2.0
Throwing       | |  2.0
Dodging        | |  1.0

Action                   |  1- 3 |  4- 6 |  7- 9 || total
-------------------------+-------+-------+-------++-------
Melee: Dagger            |    50 |     1 |       ||    51
       Constrict         |    15 |    11 |     2 ||    28
       Tentacles         |     2 |    11 |     1 ||    14
       Short sword       |       |    74 |    33 ||   107
Throw: Dart              |       |     4 |    10 ||    14
Evoke: Wand              |       |       |     2 ||     2
  Use: Scroll            |       |     3 |     2 ||     5
       Potion            |       |       |     3 ||     3
 Stab: Sleeping          |     8 |    13 |     2 ||    23
       Distracted        |       |     1 |       ||     1
Armor: Skin              |     6 |     4 |    47 ||    57
Dodge: Dodged            |    27 |    20 |     2 ||    49
